 Dungeon Crawl Stone Soup version 0.13-a0-2505-g5f0fbe2 (webtiles) character file.

466 Rycklaryybbe the Ruinous (level 5, -13/38 HPs)
             Began as a Draconian Conjurer on July 24, 2013.
             Killed by divine providence
             ... invoked by an orc priest
              (15 damage)
             ... on Level 4 of the Dungeon.
             The game lasted 00:13:24 (3352 turns).

Rycklaryybbe the Ruinous (Draconian Conjurer)       Turns: 3352, Time: 00:13:24

HP -13/38        AC  7     Str 10      XL: 5   Next: 63%
MP  11/12        EV 16     Int 16      God:
Gold 248         SH  0     Dex 12      Spells:  1 memorised, 11 levels left

Res.Fire  : . . .   See Invis. : .   b - +0 trident
Res.Cold  : . . .   Warding    : .   (armour unavailable)
Life Prot.: . . .   Conserve   : .   (no shield)
Res.Poison: .       Res.Corr.  : .   (helmet restricted)
Res.Elec. : .       Clarity    : .   (no cloak)
Sust.Abil.: . .     Spirit.Shd : .   (no gloves)
Res.Mut.  : .       Stasis     : +   q - +0 pair of boots
Res.Rott. : .       Flight     : .   n - amulet of stasis
Saprovore : . . .                    y - +1 ring of protection
                                     e - +4 ring of evasion

@: slightly resistant to hostile enchantments, unstealthy
A: unfitting armour, AC +5
a: no special abilities


You were on level 4 of the Dungeon.
You were hungry.

You visited 1 branch of the dungeon, and saw 4 of its levels.

You collected 228 gold pieces.

Inventory:

Hand weapons
 a - a +1,+2 dagger of protection (quivered)
 b - a +0,+0 trident (weapon)
 z - a +0,+5 short sword of venom
Armour
 q - a +0 pair of boots (worn)
Comestibles
 d - 2 apples
 f - a sausage
 g - 4 chunks of orc flesh
 r - 3 meat rations
 B - 4 bread rations
 C - 2 chunks of jackal flesh
Scrolls
 j - a scroll of curse armour {unknown}
 k - 3 scrolls of enchant weapon I {unknown}
 l - 2 scrolls of enchant armour {unknown}
 o - a scroll of random uselessness {unknown}
 p - a scroll of blinking {unknown}
 v - a scroll of enchant weapon II {unknown}
 w - a scroll of identify {unknown}
 D - a scroll of recharging {unknown}
Jewellery
 e - a +4 ring of evasion (left hand)
 n - an amulet of stasis (around neck)
 y - a +1 ring of protection (right hand)
Potions
 h - a potion of agility {unknown}
 i - a potion of resistance {unknown}
 m - a potion of might {unknown}
 s - a potion of speed {unknown}
 t - 4 potions of curing {unknown}
 u - a potion of heal wounds {unknown}
 x - a potion of flight {unknown}
 A - 2 potions of poison {unknown}
Books
 c - a book of Conjurations

   Spells                             Type                      Level
   *Magic Dart                        Conjuration                  1
   Searing Ray                        Conjuration                  2
   Dazzling Spray                     Conjuration/Hexes            3
   Iskenderun's Mystic Blast          Conjuration                  4
   Iskenderun's Battlesphere          Conjuration/Charms           4
   Fulminant Prism                    Conjuration/Hexes            5


   Skills:
 - Level 1.7 Dodging
 - Level 1.7 Stealth
 - Level 4.2 Spellcasting
 * Level 5.1 Conjurations


You had 11 spell levels left.
You knew the following spells:

 Your Spells              Type           Power        Failure   Level  Hunger
a - Magic Dart            Conj           ###.         1%          1    None


Dungeon Overview and Level Annotations

Branches:
Dungeon (4/27)
 Temple: D:4-7

Altars:
Elyvilon
Fedhas
Makhleb


Message History

Press: ? - help, Shift-Dir - straight line, f - orc wizard
Aim: an orc wizard, wielding an orcish dagger and wearing an orcish robe (moving very quickly)
The magic dart hits the orc wizard.
The orc wizard hits you with an orcish dagger.
* * * LOW HITPOINT WARNING * * *
The orc wizard points at you and mumbles some strange words.
The magic dart hits you!
* * * LOW HITPOINT WARNING * * *
Found a scroll labeled PUZOINL UCYNLI.
Found a stone staircase leading down.
The orc wizard gestures at you while chanting.
The magic dart hits you!
* * * LOW HITPOINT WARNING * * *
The orc wizard points at you and mumbles some strange words.
The magic dart hits you!
* * * LOW HITPOINT WARNING * * *
The orc wizard hits you with an orcish dagger.
* * * LOW HITPOINT WARNING * * *
The orc priest calls down the wrath of Beogh upon you.
Something smites you!
You die...

. #.###..#...#.. #.
#......#...#.. #.
#####.<#...#.. #.
#..#...#.. #.
######..#...#.. #.
........)...... #.
######.#.######
#?######...........
#.@........#.######
#.##.o...#.#.#......#
#>...................
#.##...o.###.######..
#.##....o###..%......
#.........oo...####..
#.##########o..%..#
+......# #o.....#.#


You could see an orc priest, an orc wizard and 2 orcs.

Vanquished Creatures
  An orc priest (D:4)
  An iguana (D:4)
  An orc wizard (D:4)
  A sky beast zombie (D:3)
  5 adders
  A worm (D:2)
  3 giant geckos
  An ooze (D:1)
  7 orcs
  9 bats
  7 giant cockroaches
  4 goblins
  8 hobgoblins
  8 jackals
  A quokka (D:2)
  A ball python (D:1)
  2 giant newts (D:2)
  A goblin skeleton (D:4)
  11 kobolds
  13 rats
86 creatures vanquished.

Vanquished Creatures (others)
  A fungus (D:1)
1 creature vanquished.

Grand Total: 87 creatures vanquished

Notes
Turn   | Place    | Note
--------------------------------------------------------------
     0 | D:1      | Rycklaryybbe, the Draconian Conjurer, began the quest for the Orb.
     0 | D:1      | Reached XP level 1. HP: 14/14 MP: 3/3
   463 | D:1      | Reached XP level 2. HP: 14/20 MP: 1/4
   997 | D:1      | Reached XP level 3. HP: 26/26 MP: 7/7
  1439 | D:2      | Reached XP level 4. HP: 33/33 MP: 6/9
  1913 | D:3      | Found a blossoming altar of Fedhas.
  1921 | D:3      | Found a white marble altar of Elyvilon.
  1930 | D:3      | Found a burning altar of Makhleb.
  2507 | D:4      | Reached XP level 5. HP: 14/38 MP: 3/12
  2954 | D:4      | Reached skill level 5 in Conjurations
  3352 | D:4      | Killed from afar by an orc priest

Action                   |  1- 3 |  4- 6 || total
-------------------------+-------+-------++-------
Melee: Unarmed           |    48 |       ||    48
       Short sword       |    38 |    36 ||    74
       Dagger            |       |    63 ||    63
       Trident           |       |     7 ||     7
Throw: Dart              |     1 |       ||     1
 Cast: Magic Dart        |    51 |    82 ||   133
 Stab: Sleeping          |       |     1 ||     1
